 Dungeon Crawl Stone Soup version 0.32-a0-391-gce5c0aab1b (webtiles) character file.

Game seed: 9082673977469320059

49 2tousent the Shield-Bearer (level 3, -2/33 HPs)
             Began as a Mountain Dwarf Fighter on Feb 19, 2024.
             Slain by a kobold
             ... wielding a +1 whip of electrocution
              (4 damage)
             ... on level 1 of the Dungeon.
             The game lasted 00:01:37 (458 turns).

2tousent the Shield-Bearer (Mountain Dwarf Fighter)  Turns: 458, Time: 00:01:38

Health: -2/33      AC:  7    Str: 15 (18) XL:     3   Next: 51%
Magic:  3/3        EV:  8    Int:  7 (10) God:
Gold:   70         SH:  4    Dex:  8 (9)  Spells: 2/2 levels left

rFire   . . .        a - +0 war axe
rCold   . . .        c - +0 buckler
rNeg    . . .        b - +0 scale mail
rPois   .            (no helmet)
rElec   .            (no cloak)
rCorr   .            (no gloves)
SInv    .            (no boots)
Will    .....        (no amulet) Stlth
                     (no ring)
HPRegen 0.25/turn    (no ring)
MPRegen 0.08/turn

%: no passive effects
@: no status effects
A: runic magic, artefact enchanting
a: no special abilities


You were on level 1 of the Dungeon.
You visited 1 branch of the dungeon, and saw 1 of its levels.

You collected 70 gold pieces.

Inventory:

Hand Weapons
 a - a +0 war axe (weapon)
Armour
 b - a +0 scale mail (worn)
 c - a +0 buckler (worn)
Scrolls
 e - a scroll of enchant armour {unknown}
 g - a scroll of enchant weapon {unknown}
 h - a scroll of amnesia {unknown}
Potions
 d - a potion of might


   Skills:
 + Level 3.7 Fighting
 * Level 3.5 Axes
 + Level 3.7 Armour
 + Level 3.7 Shields


You had 2 spell levels left.
You didn't know any spells.
Your spell library contained the following spells:

 Spells                   Type           Power      Damage    Failure   Level
 Sandblast                Erth           0%         2d4       63%         1
 Hailstorm                Conj/Ice       0%         3d5       94%         3
 Passwall                 Erth           0%         N/A       94%         3
 Stone Arrow              Conj/Erth      0%         3d7       94%         3
 Summon Ice Beast         Ice/Summ       0%         N/A       94%         3
 Brom's Barrelling Bould  Conj/Erth      0%         2d3       100%        4
 Sculpt Simulacrum        Ice/Alch       0%         N/A       100%        6


Dungeon Overview and Level Annotations

Branches:
Dungeon (1/15)

Altars:


Innate Abilities, Weirdness & Mutations

Your spellcasting is much less encumbered by armour.
You can use scrolls of enchantment on lesser artefacts.


Message History

No target in view!
h - a scroll labelled IGUAQ UWAFOA
Things that are here:
a hobgoblin corpse; a hobgoblin corpse You see here a hobgoblin corpse.
You now have 70 gold pieces (gained 12).
A kobold comes into view.
It is wielding a +1 whip of electrocution.
The kobold shouts!
A kobold is nearby!
A kobold is nearby!
The kobold hits you but does no damage.
You are electrocuted!
You hit the kobold but do no damage.
An endoplasm comes into view.
The kobold hits you but does no damage.
You are electrocuted!
The kobold closely misses you.
The endoplasm moves out of view.
You are too injured to fight recklessly!
You are too injured to fight recklessly!
You are too injured to fight recklessly!
You are too injured to fight recklessly!
You are too injured to fight recklessly!
You are too injured to fight recklessly!
You are too injured to fight recklessly!
You are too injured to fight recklessly!
You are too injured to fight recklessly!
You are too injured to fight recklessly!
You are too injured to fight recklessly!
Unknown command.
You barely miss the kobold. You block the kobold's attack.
You barely miss the kobold. The kobold hits you but does no damage.
You closely miss the kobold.
The kobold hits you with a +1 whip of electrocution.
You are electrocuted!
* * * LOW HITPOINT WARNING * * *
The kobold barely misses you.
You closely miss the kobold. You block the kobold's attack.
It was a potion of degeneration.
There was something very wrong with that liquid.
You feel weakened.
You feel dopey.
You feel clumsy.
The kobold hits you with a +1 whip of electrocution.
You die...

.>.#♣.♣ ..#.. .###P.P
####.# .###♣.♣# ..#.#
...#P.P# #.#.# ...#ß.ß#
...## ...#P.P# ...######
...#♣.♣#######........
...#P.P#.......######
...#♣.♣#........@KJ.# ..
...#P.P####..######......
...#♣.♣# ##...†#####....
...##.# ####†......[..
..###.##########.........
#.....(........†.....####
####...########......#
#.†.# ##.....# #...#
#.....#


You could see an endoplasm and a kobold.

Vanquished Creatures
  3 bats (D:1)
  3 endoplasms (D:1)
  3 giant cockroaches (D:1)
  7 hobgoblins (D:1)
  3 quokkas (D:1)
  A ball python (D:1)
  2 goblins (D:1)
  4 rats (D:1)
26 creatures vanquished.

Notes
Turn   | Place    | Note
-------+----------+-------------------------------------------
     0 | D:1      | 2tousent the Mountain Dwarf Fighter began the quest for the
                  | Orb.
     0 | D:1      | Reached XP level 1. HP: 19/19 MP: 1/1
    27 | D:1      | Reached XP level 2. HP: 20/26 MP: 2/2
   220 | D:1      | Reached XP level 3. HP: 27/31 MP: 3/3
   458 | D:1      | Slain by a kobold

Illustrated notes

Levels and vault maps discovered:
D:1:      ncdulo_lavacross, layout_rooms, dreamdust_princess_corridor

Skill      XL: |  1  2 |
---------------+-------+-----
Axes           | 3 |  3.5
Fighting       | |  3.7
Armour         | |  3.7
Shields        | |  3.7

Action                     || total
---------------------------++-------
  Melee: War axe           ||    77
    Use: Potion            ||     1
 Armour: Scale mail        ||    68
  Dodge: Dodged            ||    55
  Block: Buckler           ||    19

Table legend: (Time is in decaauts)
 A = Elapsed time spent in this place.
 B = Non-inter-level travel time spent in this place.
 C = Inter-level travel time spent in this place.
 D = Time resting spent in this place.
 E = Time spent auto-exploring this place.
 F = Levels seen in this place.
 G = Mean time per level.
                   A        B        C        D        E       F      G
               +--------+--------+--------+--------+--------+-----+--------+
         Total |    487 |    487 |      0 |      0 |    304 |   1 |  487.0 |
       Dungeon |    487 |    487 |      0 |      0 |    304 |   1 |  487.0 |
               +--------+--------+--------+--------+--------+-----+--------+

Top non-repeatable levels by time:
     D:1: 487 daAuts
